 Dungeon Crawl Stone Soup version 0.29-a0-22-gbf593b16ee (webtiles) character file.

Game seed: 14343551700875210315

1 horus123 the Skirmisher (level 1, -2/20 HPs)
             Began as a Hill Orc Monk on Jan 30, 2022.
             Succumbed to a kobold's poison
             ... on level 1 of the Dungeon.
             The game lasted 00:00:13 (26 turns).

horus123 the Skirmisher (Hill Orc Monk)               Turns: 26, Time: 00:00:14

Health: -2/20      AC:  2    Str: 13    XL:     1   Next: 20%
Magic:  1/1        EV: 12    Int: 10    God:
Gold:   11         SH:  0    Dex: 13    Spells: 0/0 levels left

rFire   . . .      SeeInvis .   a - +0 mace
rCold   . . .      Faith    .   (no shield)
rNeg    . . .      Spirit   .   b - +0 robe
rPois   .          Reflect  .   (no helmet)
rElec   .          Harm     .   (no cloak)
rCorr   .          Rampage  .   (no gloves)
Will    .....                   (no boots)
Stlth   ++........              (no amulet)
HPRegen 0.06/turn               (no ring)
MPRegen 0.07/turn               (no ring)

@: lethally poisoned (-2 -> -16)
A: no striking features
a: no special abilities


You were on level 1 of the Dungeon.
You visited 1 branch of the dungeon, and saw 1 of its levels.

You collected 11 gold pieces.

Inventory:

Hand Weapons
 a - a +0 mace (weapon)
Armour
 b - a +0 robe (worn)


   Skills:
 + Level 3.7 Fighting
 - Level 3.2 Maces & Flails
 - Level 2.4 Dodging
 - Level 1.5 Stealth


You couldn't memorise any spells.
You didn't know any spells.
Your spell library was empty.

Dungeon Overview and Level Annotations

Branches:
Dungeon (1/15)

Altars:


Message History

Welcome, horus123 the Hill Orc Monk.
The heart of this dungeon contains the glorious artefact, the Orb of Zot.
Press ? for a list of commands and other information.
Found a staircase leading out of the dungeon.
You open the door.
There is an open door here.
A goblin comes into view. It is wielding a +0 club.
Found 11 gold pieces.
The goblin shouts!
The goblin moves out of view.
You now have 11 gold pieces.
A giant cockroach comes into view.
A kobold comes into view. It is wielding a +0 dagger of venom.
The kobold shouts!
The teleport trap disappears.
The giant cockroach disappears!
The goblin barely misses you.
You closely miss the goblin. The goblin closely misses you.
The goblin hits you with a +0 club.
You sock the goblin!
You kill the goblin!
The kobold hits you with a +0 dagger of venom.
You are poisoned.
You barely miss the kobold.
You feel very sick.
The kobold hits you with a +0 dagger of venom.
You are more poisoned.
You are too injured to fight recklessly!
* * * LOW HITPOINT WARNING * * *
You feel very sick.
* * * LOW HITPOINT WARNING * * *
You feel very sick.
You die...

##### #...### #.# +.<.'.#
###..# # #...#.###....
#....
..######......#######....##
................... ...#..#
##....#....#...## ......#
#..........#...@## .......
#.................##.......
..............###.K#.....#.
.............###....)......
#...........###..8#8.......
#.#....#....#....#$#....#..
#....#.######.##.8# ....#
#####. ... #.. ..#.# .. .#
## ###...


You could see a kobold.

Vanquished Creatures
  A goblin (D:1)
1 creature vanquished.

Notes
Turn   | Place    | Note
-------+----------+-------------------------------------------
     0 | D:1      | horus123 the Hill Orc Monk began the quest for the Orb.
     0 | D:1      | Reached XP level 1. HP: 19/19 MP: 1/1
    25 | D:1      | HP: 1/20 [poisoned by a kobold]
    26 | D:1      | Succumbed to a kobold's poison

Illustrated notes

Levels and vault maps discovered:
D:1:      dpeg_arrival_tiny_e, layout_rooms, basic_ecumenical_altar,
          corexii_hall_statues_i, nicolae_concentric_dashed_squares_wild,
          minmay_misc_feat_hallway, minmay_statues_item, dk_noncrumbling_4,
          serial_bayou_pond_b

Action                   || total
-------------------------++-------
Melee: Mace              ||     3
Dodge: Dodged            ||     2

Table legend: (Time is in decaauts)
 A = Elapsed time spent in this place.
 B = Non-inter-level travel time spent in this place.
 C = Inter-level travel time spent in this place.
 D = Time resting spent in this place.
 E = Time spent auto-exploring this place.
 F = Levels seen in this place.
 G = Mean time per level.
                   A        B        C        D        E       F      G
               +--------+--------+--------+--------+--------+-----+--------+
         Total |     26 |     26 |      0 |      0 |     16 |   1 |   26.0 |
       Dungeon |     26 |     26 |      0 |      0 |     16 |   1 |   26.0 |
               +--------+--------+--------+--------+--------+-----+--------+

Top non-repeatable levels by time:
     D:1: 26 daAuts
